Cogmind - Beta 14 @@@ ROGUE MODE // 2024.08.23 @ 18:21:01 Player: Minty Result: Destroyed by G-34 Mercenary with Small Laser Performance ------------- Evolutions (0) 0 Regions Visited (2) 400 Robots Destroyed (6) 30 Value Destroyed (121) 121 Prototype IDs (4) 80 Alien Tech Used (0) 0 Bonus (0) 0 TOTAL SCORE: 631 Bonus ------- None Cogmind --------- Core Integrity 0/250 Matter 300/300 Energy 99/100 System Corruption 0% Temperature Cool (8) Movement Hovering (56) Location -10/Mines Parts ------- > --- POWER (1) -------- (None) > --- PROPULSION (2) --- Hover Unit Hover Unit > --- UTILITY (2) ------ Small Storage Unit Propulsion Shielding > --- WEAPON (2) ------- (None) > --- INVENTORY (8) ---- Hover Unit High-capacity Battery (250) High-capacity Battery (250) Sensor Array Peak State ------------ > --- POWER ------------ Ion Engine > --- PROPULSION ------- Wheel Compact Wheel > --- UTILITY ---------- Small Storage Unit Propulsion Shielding > --- WEAPON ----------- EM Pulse Gun Medium Laser > --- INVENTORY -------- Ion Engine Light Treads Light Treads High-capacity Battery High-capacity Battery High-capacity Battery High-capacity Battery Sensor Array [Rating: 7] Favorites ----------- Power Ion Engine Engine Ion Engine Propulsion Hover Unit Leg Aluminum Leg Wheel Wheel Hover Unit Hover Unit Utility Small Storage Unit Device Sensor Array Storage Small Storage Unit Protection Propulsion Shielding Weapon EM Pulse Gun Energy Gun EM Pulse Gun Build | -11 -10 -10 ------- Run | Yrd Mat Min Slots Evolved . | . . . Power . | . . . Propulsion . | . . . Utility . | . . . Weapon . | . . . Parts Attached 12 | 2 8 2 Power 1 | . 1 . Engine 1 | . 1 . Core . | . . . Reactor . | . . . Propulsion 5 | 2 2 1 Treads . | . . . Leg . | . . . Wheel 2 | 2 . . Hover 3 | . 2 1 Flight . | . . . Utility 4 | . 3 1 Device 1 | . 1 . Storage . | . . . Processor . | . . . Hackware . | . . . Protection 3 | . 2 1 Artifact . | . . . Weapon 2 | . 2 . Energy Gun 2 | . 2 . Energy Cannon . | . . . Ballistic Gun . | . . . Ballistic Cannon . | . . . Launcher . | . . . Special Weapon . | . . . Impact Weapon . | . . . Slashing Weapon . | . . . Piercing Weapon . | . . . Special Melee Weapon . | . . . Unidentified Prototypes . | . . . Parts Lost 6 | . 5 1 Power 1 | . 1 . Propulsion 3 | . 2 1 Utility . | . . . Weapon 2 | . 2 . Highest Loss Streak 4 | . 4 2 To Critical Strikes . | . . . Average Slot Usage (%) 82 | . 92 53 Engine 10 | . 14 . Wheel 17 | . 22 . Hover 10 | . 5 26 Device 4 | . 6 . Storage 14 | . 14 14 Protection 7 | . 5 12 Energy Gun 16 | . 22 . Peak Build Rating 7 | 6 7 4 Average Rating 5 | 5 6 3 On Entrance 5 | 6 6 4 Naked Turns . | . . . Heaviest Build 15 | 14 15 6 Greatest Support 26 | 26 26 12 Greatest Overweight (x) . | . . . Average Overweight (x) . | . . . Largest Inventory Capacity 8 | 8 8 8 Average Capacity 8 | 8 8 8 Most Carried 8 | 6 8 8 Average Carried 6 | 5 7 6 Final Capacity 8 | 8 8 8 Final Carried 5 | 3 5 4 Class Distribution -------------------- 100% | Mutant Dominant Class ---------------- Mutant | -10/Materials Mutant | -10/Mines Resources | -11 -10 -10 ----------- Run | Yrd Mat Min Matter Collected 297 | 200 77 20 Remotely . | . . . Salvage Created 166 | . 166 . Parts 11 | . 11 . Haulers Intercepted . | . . . Recyclers Shooed 1 | . 1 . Parts Field Recycled . | . . . Retrieved Matter . | . . . Parts Self-Destructed . | . . . Prevented . | . . . Kills | -11 -10 -10 ------- Run | Yrd Mat Min Combat Hostiles Destroyed 6 | . 6 . Guns 3 | . 3 . AOE 2 | . 2 . Classes Destroyed 2 | . 2 . Swarmer 4 | . 4 . Grunt 2 | . 2 . Best Kill Streak 3 | . 3 . Combat Bots Only 3 | . 3 . Max Kills in Single Turn 1 | . 1 . Gunslinging . | . . . Exploded 1 | . 1 . Melee . | . . . Uniques/NPCs Destroyed . | . . . Combat | -11 -10 -10 -------- Run | Yrd Mat Min Hostile Shots Fired 96 | . 69 27 Missed 35 | . 23 12 Damage Taken 650 | . 443 207 Core 255 | . 99 156 Absorbed by Shields . | . . . Redirected to Shielding 18 | . 7 11 Core Remaining (%) 100 | 100 . . Volleys Fired 23 | . 23 . Largest 2 | . 2 . Hottest 90 | . 90 . Shots Fired 44 | . 44 . Gun 44 | . 44 . Cannon . | . . . Launcher . | . . . Special . | . . . Kinetic . | . . . Thermal 1 | . 1 . Explosive . | . . . Electromagnetic 43 | . 43 . Robot Hit Streak 5 | . 5 . Robot Miss Streak 5 | . 5 . Penetration Max . | . . . Secondary Targets 2 | . 2 . Max Gunslinging Chain 1 | . 1 . Shots Hit Robots 20 | . 20 . Core Hits 7 | . 7 . Critical Kills . | . . . Critical Parts Destroyed . | . . . Critical Strikes . | . . . Melee Attacks . | . . . Impact . | . . . Slashing . | . . . Piercing . | . . . Sneak Attacks . | . . . Combat Hostiles . | . . . Follow-up Attacks . | . . . Damage Inflicted 394 | . 394 . Guns 256 | . 256 . Cannons . | . . . Explosions 123 | . 123 . Melee . | . . . Ramming 15 | . 15 . Kinetic . | . . . Thermal 135 | . 135 . Explosive . | . . . Electromagnetic 244 | . 244 . Impact . | . . . Slashing . | . . . Piercing . | . . . Highest Corruption . | . . . Average Corruption . | . . . Corruption Purged . | . . . Corruption Blocked . | . . . Overload Shots . | . . . Overflow Damage 2 | . 2 . Projectiles . | . . . Explosions 2 | . 2 . Melee . | . . . Knockbacks . | . . . Impact . | . . . Kinetic . | . . . Secondary . | . . . Self-Inflicted Damage 45 | . 45 . Shots 1 | . 1 . Rammed 2 | . 2 . Targets Rammed 2 | . 2 . Kicked . | . . . Crushed . | . . . Highest Temperature 175 | . 175 . Average Temperature 51 | . 51 . Received Heat Transfer 162 | . 60 102 Siege Activations . | . . . Robots Corrupted 1 | . 1 . Combat Hostiles 1 | . 1 . Parts Fried . | . . . Impact Corruptions . | . . . Robots Melted . | . . . Combat Hostiles . | . . . Parts Melted . | . . . Heat Transferred 187 | . 187 . Parts Sabotaged . | . . . Parts Stolen . | . . . Parts Stripped . | . . . Power Chain Reactions 2 | . 2 . Alert | -11 -10 -10 ------- Run | Yrd Mat Min Peak Influence 221 | . 221 160 Initial 15 | . . 15 Average 64 | . 66 69 Maximum Alert Level 1 | . 1 . Low Security (%) 99 | 100 99 100 Level 1 . | . . . Level 2 . | . . . Level 3 . | . . . Level 4 . | . . . Level 5 . | . . . High Security . | . . . Max Security . | . . . Squads Dispatched 1 | . 1 . Investigation . | . . . Extermination . | . . . Reinforcement 1 | . 1 . Assault . | . . . Garrison . | . . . Intercept . | . . . Searches Triggered . | . . . Construction Impeded . | . . . Haulers Reinforced . | . . . Active Scanning Responses . | . . . Cargo Convoy Interrupts . | . . . Stealth | -11 -10 -10 --------- Run | Yrd Mat Min Distress Signals . | . . . Communications Jammed . | . . . Distress Signals . | . . . Times Spotted 25 | . 15 10 Peak Tracking Total 4 | . 4 3 Tactical Retreats 7 | . 3 4 Traps | -11 -10 -10 ------- Run | Yrd Mat Min Traps Triggered . | . . . Indirectly . | . . . Trap Hack Attempts . | . . . Triggered . | . . . Disarmed . | . . . Reprogrammed 12 | . 12 . Reused 6 | . 2 4 Traps Extracted . | . . . Installed 5 | . . 5 Triggered 7 | . 2 5 Most Traps Carried 4 | . . 4 Machines | -11 -10 -10 ---------- Run | Yrd Mat Min Machines Disabled . | . . . Max in Single Turn . | . . . Machines Repaired . | . . . Machines Dismantled . | . . . Machines Sabotaged . | . . . Overloaded Fab Kills . | . . . Hacking | -11 -10 -10 --------- Run | Yrd Mat Min Machines Accessed 8 | . 8 . Terminals 7 | . 7 . Fabricators . | . . . Repair Stations . | . . . Recycling Units 1 | . 1 . Scanalyzers . | . . . Garrison Access . | . . . Total Hacks 28 | . 28 . Successful 22 | . 22 . Failed 6 | . 6 . Catastrophic 2 | . 2 . Database Lockouts . | . . . Manual 15 | . 15 . Terminals 23 | . 23 . Fabricators . | . . . Repair Stations . | . . . Recycling Units 5 | . 5 . Scanalyzers . | . . . Garrison Access . | . . . Terminal Hacks 12 | . 12 . Prototype ID Bank 2 | . 2 . Terminal Index 1 | . 1 . Alert Level 5 | . 5 . Locate Traps 2 | . 2 . Reprogram Traps 2 | . 2 . Fabricator Hacks . | . . . Repair Station Hacks . | . . . Recycling Unit Hacks 1 | . 1 . Report Inventory 1 | . 1 . Scanalyzer . | . . . Garrison Access Hacks . | . . . Unauthorized Hacks 9 | . 9 . Terminals 6 | . 6 . Botnet 2 | . 2 . Skim 4 | . 4 . Fabricators . | . . . Repair Stations . | . . . Recycling Units 3 | . 3 . Monitor 1 | . 1 . Reject 1 | . 1 . Recyclers 1 | . 1 . Scanalyzers . | . . . Garrison Access . | . . . Data Cores Recovered . | . . . Used . | . . . Hacking Detections 8 | . 8 . Full Trace Events 3 | . 3 . Feedback Events . | . . . Feedback Blocked . | . . . Robot Schematics Acquired . | . . . Robots Built . | . . . Authchips . | . . . Time . | . . . Total Robot Build Rating . | . . . Part Schematics Acquired . | . . . Parts Built . | . . . Authchips . | . . . Time . | . . . Total Part Build Rating . | . . . Parts Repaired . | . . . Time . | . . . Parts Recycled . | . . . Recycled Matter . | . . . Retrieved Matter . | . . . Retrieved Components . | . . . Parts Scanalyzed . | . . . Part Schematics Acquired . | . . . Parts Damaged . | . . . Bothacking | -11 -10 -10 ------------ Run | Yrd Mat Min Used RIF Installer . | . . . Robots Hacked . | . . . Non-combat . | . . . Combat . | . . . Robot Hacks Applied . | . . . Relay Couplers Released . | . . . Fabnet Peak Effective % . | . . . Robots Rewired . | . . . Allies Hacked . | . . . Hacks Repelled . | . . . Allies | -11 -10 -10 -------- Run | Yrd Mat Min Total Allies . | . . . Largest Group . | . . . Highest-Rated Group . | . . . Highest-Rated Ally . | . . . Total Orders . | . . . Ally Attacks . | . . . Total Damage . | . . . Kills . | . . . Allies Corrupted . | . . . Allies Melted . | . . . Intel | -11 -10 -10 ------- Run | Yrd Mat Min Robot Analysis Total . | . . . Derelict Logs Recovered . | . . . Drone Launches . | . . . Drone Recoveries . | . . . Exploration | -11 -10 -10 ------------- Run | Yrd Mat Min Turns Passed 613 | 21 444 148 Spaces Moved 615 | 14 423 178 Core . | . . . Treads . | . . . Legs 13 | 13 . . Wheels 295 | 1 294 . Hover 307 | . 129 178 Flight . | . . . Fastest Speed 56 | 90 56 56 Average Speed 73 | 117 79 56 Slowest Speed 120 | 120 90 60 Overloaded Moves . | . . . Propulsion Burnouts . | . . . Robots Hopped . | . . . Cave-ins Triggered . | . . . Exploration Rate (%) 35 | 2 74 31 Regions Visited 2 Branch Regions 1 Pre-discovered Areas . | . . . Known Exits Taken . | . . . Unknown Exits Taken 2 | 1 1 . Scrap Searched . | . . . Spaces Dug . | . . . Terrain Destroyed 5 | . 5 . Melee . | . . . Projectile . | . . . AOE 5 | . 5 . Terrain Rammed . | . . . Walls Destroyed . | . . . Machines Disabled . | . . . Actions | -11 -10 -10 --------- Run | Yrd Mat Min Total 735 | 20 487 228 Wait 48 | 1 15 32 Move 613 | 13 422 178 Hop . | . . . Pick Up 14 | . 9 5 Fast Attach 2 | . 2 . Attach 7 | 2 3 2 Detach 3 | 1 1 1 Swap 3 | . 3 . Drop 15 | 3 7 5 Fire 23 | . 23 . Melee . | . . . Ram 2 | . 2 . Kick . | . . . Crush . | . . . Escape Stasis . | . . . Rewire . | . . . Trap 5 | . . 5 Miscellaneous . | . . . Route ------- -11/Scrapyard -10/Materials (discovered 3 exits: [*Mat] / [*Min x2]) -10/Mines History --------- Turn | Location | Event 1 | -11/Scrapyard | Discovered new exit (range 2) 22 | -11/Scrapyard | Entered Materials 221 | -10/Materials | Discovered new exit (range 3) 226 | -10/Materials | Discovered new exit (range 15) 311 | -10/Materials | Build established: Mutant 315 | -10/Materials | Discovered new exit (range 15) 427 | -10/Materials | Lost 4 parts (2n2w) 466 | -10/Materials | Entered Mines 469 | -10/Mines | Core integrity fell below 50% 488 | -10/Mines | Found a hidden stash of uninstalled traps 560 | -10/Mines | Core integrity fell below 20% 614 | -10/Mines | Destroyed by G-34 Mercenary with Small Laser Last Messages --------------- 00488_ A stash of uninstalled traps is collected here! 00490_ Acquired Proton Bomb Trap. 00505_ Dropped Proton Bomb Trap. 00506_ Installed Proton Bomb Trap. 00509_ G-47 Trooper triggered Proton Bomb Trap. 00509_ A bubble of electromagnetic force engulfs the area. 00509_ G-47 Trooper destroyed. 00512_ Acquired Proton Bomb Trap. 00542_ Dropped Proton Bomb Trap. 00542_ Installed Proton Bomb Trap. 00559_ G-47 Trooper triggered Proton Bomb Trap. 00559_ A bubble of electromagnetic force engulfs the area. 00559_ G-47 Trooper destroyed. 00560_ Acquired 20 matter. 00562_ Dropped Proton Bomb Trap. 00562_ Installed Proton Bomb Trap. 00573_ Dropped Proton Bomb Trap. 00573_ Installed Proton Bomb Trap. 00594_ Dropped Proton Bomb Trap. 00595_ Installed Proton Bomb Trap. Map ----- +----------------------------------------------------+ | | | | | | | | | | | ??????????????????????????????????????????????? | | ??????????????????????????????????????????????? | | ??????????????????????????????????????????????? | | ??????????????????????????????????????????????? | | ????????????????????###???????#############??## | | ???????????????????## ##?????# #### | | ???????????????????# #?????# ## | | ????????#####??????# ####### ##### | | ???????## ##?????# #???## | | ??????## ######?# #????## | | ??????# #?## ###### ##?????# | | ?????## #??## #????# #??????# | | ?????# #### #??## #????# #?????# | | ?????# ##### #### ##????# #????# # | | ?????## ##### =%!##?????# #????# ##### | | ??????###???# *[##??????# #????## ##???? | | ????????????# ##???????# #?????# ?????? | | ???????????## ########??? ?????? ?????? | | ??###?????## ##?# #??? ????? ?????? | | ?## #???## ##### #??? ???? ?????? | | ?# #?## @ #???#????? ?????? | | ?# ## g #????????? ?????? | | ??# ### ## #??????????? ?????? | | ??# ###?# ## #??????????????????? | | ??# ##???# ## #??????????????????? | | ??# ###### ## #??????????????????? | | ??## ^ #######??????????????????? | | ???## #########????????????????????????? | | ????# ####????????????????????????????????? | | ????## #???????????????????????????????????? | | ?????# #???????????????????????????????????? | | ????## #???????????????????????????????????? | | ???## #???????????????????????????????????? | | ???# ##???????????????????????????????????? | | ???# ##????????????????????????????????????? | | ??## #?????????????????????????????????????? | | ??# ^ ##?????????????????????????????????????? | | ??# =##??????????????????????????????????????? | | ??# =%##??????????????????????????????????????? | | ??## ! #??????????????????????????????????????? | | ??## #??????????????????????????????????????? | | ??# #??????????????????????????????????????? | | ??# #??????????????????????????????????????? | | ??## #??????????????????????????????????????? | | ???## #??????????????????????????????????????? | +----------------------------------------------------+ Best States ------------- Heat Dissipation 25 Energy Generation 10 Energy Capacity 250 Matter Stores 300 Matter Capacity 300 Sight Range 16 Robot Scan Range 14 Terrain Scan Density 10 Propulsion Shielding 33 Evasion (%) 53 Item Schematics ----------------- None Robot Schematics ------------------ None Fabricated ------------ Nothing Alien Tech Used ----------------- None Achievements -------------- None Challenges ------------ None Game ------ Seed TrapColdTendrils Manual? 0 Play Time 00:08:55 Cumulative 882.4 hours Start 2024.08.23 @ 18:13:18 End 2024.08.23 @ 18:21:01 Sessions 1 Manual Loads 0 Difficulty Rogue Special Mode None Game No. 1070 Rogue 791 Adventurer 124 Explorer 155 Win Type - Total 37 Types 28/0/7/1/0/0/0/1/0 Lore% 77 Gallery% 89 Achievement% 78 Wizard Run 0 Options --------- Layout 0 ASCII 0 Keyboard 1 Movement Numpad Keybinds 0 Fullscreen 2 Font 18/Smallcaps Map View 76x50 Zoom Use 0% Tactical HUD 1 Map Filters NONE Filters NONE Steam 1 RUN: 5401dd40-f626-4ad3-bab7-833cbf8e3ae0